 Dungeon Crawl Stone Soup version 0.17.1-1-g73c8601 (webtiles) character file.

17661 TurboShoah the Basher (level 12, -5/80 HPs)
             Began as a Gargoyle Gladiator on Dec 17, 2015.
             Was a Follower of Okawaru.
             Slain by a cyclops (19 damage)
             ... on level 12 of the Dungeon.
             The game lasted 01:06:51 (19154 turns).

TurboShoah the Basher (Gargoyle Gladiator)         Turns: 19154, Time: 01:06:51

Health: -5/80      AC: 26    Str: 20      XL:     12   Next: 50%
Magic:  12/12      EV: 11    Int:  8 (9)  God:    Okawaru [*.....]
Gold:   814        SH:  0    Dex: 10      Spells: 0 memorised, 11 levels left

rFire  . . .     SeeInvis +     a - +1 flail
rCold  + . .     Clarity  +     n - +4 ring mail
rNeg   + . .     SustAt   .     (no shield)
rPois  ∞         Gourm    .     c - +0 helmet
rElec  +         Spirit   .     o - +0 cloak
rCorr  .         Warding  .     S - +0 pair of gloves
rMut   .         Stasis   .     V - +0 pair of boots
MR     ++...                    L - amulet of clarity
Stlth  ..........               Y - ring of protection from magic
                                D - ring of protection from cold

@: very resistant to hostile enchantments, extremely unstealthy
A: see invisible, clarity, dopey 2, magic resistance 1, negative energy
resistance 1, electricity resistance, unbreathing, petrification resistance, rot
immunity, MP-powered wands, AC +8
a: Heroism, Renounce Religion


You were on level 12 of the Dungeon.
You worshipped Okawaru.
Okawaru was aware of your devotion.
You were hungry.

You visited 3 branches of the dungeon, and saw 14 of its levels.
You also visited: Sewer.

You collected 814 gold pieces.

Inventory:

Hand Weapons
 a - a +1 flail (weapon)
 h - a +1 halberd
Missiles
 d - a throwing net (quivered)
Armour
 b - a +0 leather armour
 c - a +0 helmet (worn)
 n - a +4 ring mail (worn)
 o - a +0 cloak (worn)
 S - a +0 pair of gloves (worn)
 V - a +0 pair of boots (worn)
Magical Staves
 F - an uncursed staff of death {unknown}
Jewellery
 x - an uncursed amulet of resist corrosion
 D - a ring of protection from cold (left hand)
 L - an amulet of clarity (around neck)
 X - an uncursed ring of fire
 Y - a ring of protection from magic (right hand)
Wands
 f - a wand of enslavement (3)
 u - a wand of slowing (39)
 y - a wand of fireball (8)
 G - a wand of teleportation (7)
 K - a wand of cold (7)
 O - a wand of confusion (20)
 Z - a wand of draining (4)
Scrolls
 g - 7 scrolls of identify {unknown}
 j - 2 scrolls of enchant weapon
 l - a scroll of magic mapping {unknown}
 p - 2 scrolls of fog {unknown}
 r - a scroll of immolation {unknown}
 s - 8 scrolls of remove curse
 t - a scroll of holy word {unknown}
 w - 4 scrolls of teleportation {unknown}
 E - 3 scrolls of random uselessness {unknown}
 H - a scroll of recharging {unknown}
 M - a scroll of noise {unknown}
 Q - 2 scrolls of blinking {unknown}
 R - 2 scrolls of amnesia {unknown}
 W - 2 scrolls of fear {unknown}
Potions
 i - a potion of agility {unknown}
 m - a potion of degeneration {unknown}
 q - 4 potions of haste
 v - a potion of brilliance {unknown}
 z - 2 potions of cancellation {unknown}
 A - a potion of magic {unknown}
 B - 5 potions of curing {unknown}
 C - 2 potions of poison {unknown}
 P - 3 potions of might {unknown}
 T - a potion of flight {unknown}
 U - a potion of heal wounds {unknown}
Books
 N - a book of Party Tricks

   Spells                             Type                      Level
   a - Summon Butterflies             Summoning                    1
   b - Apportation                    Translocation                1
   c - Tukima's Dance                 Hexes                        3
   d - Alistair's Intoxication        Transmutation/Poison         4
   e - Invisibility                   Hexes                        6
Comestibles
 e - 8 bread rations
 k - 3 beef jerkies
 I - 6 slices of pizza
 J - 2 meat rations


   Skills:
 - Level 11.0 Fighting
 - Level 14.2 Maces & Flails
 - Level 1.7 Throwing
 * Level 11.0 Armour
 - Level 2.4 Dodging


You had 11 spell levels left.
You didn't know any spells.

Dungeon Overview and Level Annotations

Branches:
Dungeon (12/15)            Temple (1/1) D:5            Lair (1/8) D:8
    Orc: D:9-12

Altars:
Ashenzari
Cheibriados
Dithmenos
Elyvilon
Fedhas
Kikubaaqudgha
Makhleb
Okawaru
Qazlal
Ru
Sif Muna
Trog
Vehumet
Yredelemnul
Zin
Lugonu

Shops:
D:11 (   D:12 *


Innate Abilities, Weirdness & Mutations

You are resistant to torment.
Your stone body is resilient (AC +8).
You are immune to poison.
You resist negative energy.
You are resistant to electric shocks.
You can survive without breathing.
You are immune to petrification.
You are immune to rotting.
You have supernaturally acute eyesight.
You possess an exceptional clarity of mind.
You are very dopey. (Int -4)
You are resistant to hostile enchantments.
You expend magic power (3 MP) to strengthen your wands.


Message History

Found a blackened steel ring.
You see here 6 gold pieces.
You hear the faint creaking of a distant portcullis.
The quokka bites you but does no damage.
The cyclops throws a large rock.
The large rock barely misses you.
The quokka bites you but does no damage.
The quokka barely misses you.
The cyclops throws a large rock.
The large rock hits you!!
* * * LOW HITPOINT WARNING * * *
You see here 18 gold pieces.
The cyclops throws a large rock.
The large rock closely misses you.
Things that are here:
a large rock; a scroll labeled GINNERGH ARHEECHAFU You open the door.
A troll comes into view.
The troll shouts!
The quokka misses you.
The white ugly thing engulfs you but does no damage.
The cyclops hits you!!
You die...

##.# #.#
######o#### #∩#
#.......o(.# #.#
#.......o..# #.#
#..........#
#........5$#
#(........o#######
#.......uCrT......
#........@.#######
....=.....#
####+#####


You could see a white ugly thing, a cyclops, a troll, an orc wizard (invisible),
a quasit, 3 orcs and a quokka.

Vanquished Creatures
  Gastronok (D:8)
  Erica (D:9)
  A hydra (D:9)
  An unseen horror (D:10)
  3 hill giants
  The ghost of Clownie the Nimble, a novice FeMo (D:11)
  Psyche (D:9)
  A spiny frog (Lair:1)
  A komodo dragon (Lair:1)
  2 trolls (D:10)
  A two-headed ogre (D:8)
  5 blink frogs
  Sigmund (D:2)
  A trapdoor spider (D:8)
  Grum (Lair:1)
  3 wolves (Lair:1)
  14 yaks
  A hippogriff (D:11)
  4 water moccasins
  A wasp (D:6)
  An ice beast (D:10)
  4 orc warriors
  3 black bears
  5 ogres
  3 sky beasts
  3 phantoms
  3 crocodiles
  4 centaurs
  8 big kobolds
  A brain worm (D:11)
  11 giant frogs
  2 water moccasin skeletons (D:8)
  A scorpion (D:4)
  6 killer bees (D:8)
  The ghost of Sanvar the Chiller, a weakling HuIE (D:3)
  10 wights
  4 electric eels (D:6)
  A centaur zombie (D:8)
  7 crimson imps
  5 jellies
  4 orc wizards
  2 giant frog zombies
  A quasit (D:8)
  2 hounds
  6 iguanas
  3 centaur skeletons
  A giant frog skeleton (D:5)
  3 orc priests
  Jessica (D:3)
  Terence (D:2)
  2 sheep (D:9)
  12 worker ants
  A hound zombie (D:9)
  A worker ant zombie (D:12)
  A hound skeleton (D:8)
  Robin (D:2)
  16 adders
  8 gnolls
  6 river rats
  2 shadow imps
  4 oozes
  A worm (D:3)
  An adder skeleton (D:5)
  23 orcs
  10 bats
  7 giant cockroaches
  14 hobgoblins
  7 quokkas
  3 ball pythons
  6 giant geckos
  16 giant newts
  19 goblins
  8 jackals
  62 kobolds
  A quokka skeleton (D:4)
  16 rats
  A plant (D:1)
401 creatures vanquished.

Vanquished Creatures (others)
  A kobold (D:11)
  2 fungi (Lair:1)
3 creatures vanquished.

Grand Total: 404 creatures vanquished

Notes
Turn   | Place    | Note
--------------------------------------------------------------
     0 | D:1      | TurboShoah the Gargoyle Gladiator began the quest for the Orb.
     0 | D:1      | Reached XP level 1. HP: 12/12 MP: 1/1
   117 | D:1      | Reached XP level 2. HP: 5/17 MP: 2/2
   779 | D:1      | Reached skill level 4 in Maces & Flails
   779 | D:1      | Reached XP level 3. HP: 19/21 MP: 3/3
  1591 | D:2      | Noticed Robin
  1604 | D:1      | Reached XP level 4. HP: 21/26 MP: 4/4
  1810 | D:1      | Reached skill level 5 in Maces & Flails
  1890 | D:2      | Killed Robin
  1924 | D:2      | Found a bloodstained altar of Trog.
  1966 | D:2      | Found a stormy altar of Qazlal.
  2011 | D:2      | Noticed Terence
  2042 | D:2      | Killed Terence
  2042 | D:2      | Reached XP level 5. HP: 19/30 MP: 5/5
  2162 | D:2      | Noticed Sigmund
  2983 | D:3      | You fall through a shaft for 3 floors!
  2989 | D:6      | Reached skill level 6 in Maces & Flails
  3080 | D:6      | Reached XP level 6. HP: 35/35 MP: 6/6
  3178 | D:6      | Found a sacrificial altar of Ru.
  3249 | D:6      | Reached skill level 7 in Maces & Flails
  3673 | D:6      | Noticed a wasp
  3690 | D:6      | Killed a wasp
  3690 | D:6      | Reached skill level 8 in Maces & Flails
  3690 | D:6      | Reached XP level 7. HP: 18/40 MP: 7/7
  4444 | D:6      | Reached skill level 9 in Maces & Flails
  4457 | D:6      | Reached XP level 8. HP: 27/44 MP: 8/8
  4936 | D:7      | Reached skill level 10 in Maces & Flails
  5017 | D:7      | Got an ancient long sword
  5021 | D:7      | Identified the +3 long sword of the Spider {pain, *Corrode rN+ MP+9 Stlth+} (You found it on level 7 of the Dungeon)
  5145 | D:7      | Found a deep blue altar of Sif Muna.
  5810 | D:8      | Noticed Gastronok
  5814 | D:8      | Noticed a two-headed ogre
  6138 | D:8      | Reached skill level 11 in Maces & Flails
  6260 | D:8      | Found a staircase to the Lair.
  6300 | D:8      | Reached XP level 9. HP: 42/48 MP: 9/9
  6477 | D:8      | Found a snail-covered altar of Cheibriados.
  6732 | D:8      | Killed a two-headed ogre
  6732 | D:8      | Reached skill level 12 in Maces & Flails
  6922 | D:8      | HP: 2/48 [orc warrior/battleaxe (16)]
  7868 | D:7      | Gained mutation: You possess an exceptional clarity of mind. [mutagenic meat]
  8043 | Lair:1   | Entered Level 1 of the Lair of Beasts
  8400 | D:8      | Reached skill level 13 in Maces & Flails
  8872 | D:8      | Reached XP level 10. HP: 47/53 MP: 10/10
  9156 | Lair:1   | Noticed Grum
  9167 | Lair:1   | Reached skill level 14 in Maces & Flails
  9177 | Lair:1   | Killed Grum
  9477 | Lair:1   | Noticed a komodo dragon
  9690 | Lair:1   | Killed a komodo dragon
  9906 | Lair:1   | Reached skill level 5 in Fighting
  9920 | Lair:1   | Noticed a spiny frog
  9967 | Lair:1   | Killed a spiny frog
 10161 | Lair:1   | Noticed a six-headed hydra
 10292 | D:9      | Noticed Erica
 10315 | D:9      | Killed Erica
 10744 | D:9      | Reached XP level 11. HP: 67/69 MP: 11/11
 10974 | D:9      | Noticed a three-headed hydra
 11839 | D:9      | Noticed Psyche
 11848 | D:9      | Killed Psyche
 11848 | D:9      | Reached skill level 10 in Fighting
 12116 | D:9      | Killed a three-headed hydra
 12333 | D:10     | Entered Level 10 of the Dungeon
 12428 | D:10     | Killed an unseen horror
 12771 | D:9      | Reached skill level 1 in Armour
 12894 | D:10     | Noticed a hill giant
 12931 | D:10     | Killed a hill giant
 13444 | D:10     | Reached skill level 5 in Armour
 13789 | D:8      | Killed Gastronok
 14074 | D:5      | Entered Level 5 of the Dungeon
 14074 | D:5      | Found a shadowy altar of Dithmenos.
 14074 | D:5      | Found a burning altar of Makhleb.
 14077 | D:5      | Found a basalt altar of Yredelemnul.
 14100 | D:5      | Reached XP level 12. HP: 80/80 MP: 12/12
 14190 | D:5      | Found a staircase to the Ecumenical Temple.
 14208 | Temple   | Entered the Ecumenical Temple
 14221 | Temple   | Became a worshipper of Warmaster Okawaru
 14404 | D:5      | Found a glowing drain.
 14437 | Sewer    | Entered a sewer
 16420 | D:3      | Noticed Sanvar's ghost (weakling HuIE)
 16432 | D:3      | Killed Sanvar's ghost
 16543 | D:3      | Noticed Jessica
 16548 | D:3      | Killed Jessica
 16981 | D:2      | Killed Sigmund
 17343 | D:11     | Found Gian's Weapon Shop.
 17366 | D:11     | Noticed Clownie's ghost (novice FeMo)
 17723 | D:11     | Killed Clownie's ghost
 18594 | D:11     | Reached * piety under Okawaru
 18594 | D:11     | Reached skill level 10 in Armour
 18644 | D:11     | Gained mutation: You are dopey. (Int -2) [mutagenic meat]
 18645 | D:11     | Gained mutation: You are resistant to hostile enchantments. [mutagenic meat]
 18646 | D:11     | Gained mutation: You expend magic power (3 MP) to strengthen your wands. [mutagenic meat]
 18648 | D:11     | Gained mutation: You have supernaturally acute eyesight. [mutagenic meat]
 18649 | D:11     | Gained mutation: You are very dopey. (Int -4) [mutagenic meat]
 19122 | D:12     | Found Lapnidie's General Store.
 19136 | D:12     | Found a corrupted altar of Lugonu.
 19154 | D:12     | Slain by a cyclops

Action                   |  1- 3 |  4- 6 |  7- 9 | 10-12 || total
-------------------------+-------+-------+-------+-------++-------
Melee: Flail             |   149 |   217 |   534 |  1197 ||  2097
Throw: Throwing net      |       |       |     1 |     4 ||     5
Evoke: Wand              |       |       |       |     2 ||     2
  Use: Scroll            |       |       |     2 |       ||     2
 Stab: Held in net/web   |       |       |       |     1 ||     1
  Eat: Chunk             |     2 |     7 |    12 |    24 ||    45
       Pizza             |       |       |     1 |       ||     1
       Meat ration       |       |       |     1 |     1 ||     2
       Fruit             |       |       |       |    12 ||    12
